Map: World of Sleepers LE

Players

Reynor - Winner!

  • Race: Zerg Zerg
  • Spawn Location: 1:00

Armani

  • Race: Zerg Zerg
  • Spawn Location: 7:00

Event: IEM Katowice 2020

VOD

Have the link to the VOD?

Description

Time

  • Played on: Feb. 27, 2020, 11:04 a.m.
  • Length: 9:20

All games in this series

Show
View Real Time Build Order
Export as new Build Order

Reynor Zerg - Winner!

Build Orders: Hatch First 

Get SALT Encoding   

  12  0:00  Drone  
  13  0:11  Overlord  
  13  0:16  Drone  
  14  0:30  Drone x2  
  16  0:47  Hatchery  
  15  0:50  Drone  
  15  0:54  Drone  
  17  0:57  Extractor  
  17  0:59  Drone  
  17  1:13  Spawning Pool  
  17  1:16  Drone  
  17  1:20  Drone  
  18  1:28  Drone  
  19  1:38  Overlord  
  19  2:00  Zergling x6  
  19  2:01  Queen, Metabolic Boost  
  24  2:09  Queen  
  24  2:13  Drone  
  27  2:15  Drone  
  27  2:21  Drone x2  
  30  2:38  Hatchery  
  30  2:41  Drone  
  30  2:43  Drone  
  31  2:46  Drone  
  32  2:52  Drone  
  32  2:53  Overlord  
  32  2:56  Zergling x2  
  34  3:05  Zergling x4  
  36  3:10  Zergling x2, Baneling Nest  
  36  3:13  Zergling x4  
  36  3:19  Overlord  
  38  3:22  Zergling x6  
  38  3:24  Drone  
  41  3:35  Zergling x4  
  41  3:38  Queen  
  44  3:43  Zergling x6  
  44  3:44  Zergling x2  
  48  3:48  Zergling x2  
  48  3:54  Baneling  
  48  3:56  Zergling x4  
  48  3:57  Zergling x4  
  48  3:58  Zergling x2  
  48  4:02  Zergling x2  
  54  4:07  Zergling x2  
  46  4:12  Zergling x2  
  46  4:13  Zergling x6  
  47  4:19  Zergling x8  
  51  4:28  Zergling x6  
  54  4:32  Zergling x2  
  54  4:35  Baneling x5  
  54  4:36  Zergling x2  
  55  4:41  Zergling x6  
  55  4:46  Zergling x4  
  55  4:52  Zergling x4  
  57  4:59  Zergling x2  
  53  5:02  Zergling x2  
  51  5:07  Zergling x8  
  51  5:11  Zergling x4  
  57  5:20  Drone  
  56  5:24  Extractor  
  56  5:25  Drone, Roach Warren  
  56  5:26  Drone  
  55  5:30  Drone  
  55  5:33  Zergling x4  
  55  5:35  Drone  
  50  5:38  Queen  
  50  5:40  Baneling x2  
  50  5:41  Baneling  
  50  5:42  Baneling  
  47  5:50  Drone x3  
  47  5:53  Drone x2  
  50  6:10  Drone x7  
  50  6:11  Drone  
  55  6:19  Drone x3  
  55  6:23  Evolution Chamber  
  55  6:24  Lair  
  56  6:25  Drone  
  56  6:29  Drone  
  56  6:30  Drone  
  56  6:31  Drone  
  57  6:34  Drone  
  57  6:37  Zergling x2  
  57  6:38  Extractor  
  57  6:39  Drone  
  58  6:43  Overlord  
  58  6:50  Overlord  
  58  6:56  Overlord  
  58  6:59  Zerg Ground Armor Level 1  
  58  7:00  Drone  
  58  7:02  Overlord  
  58  7:04  Drone x7  
  58  7:06  Baneling x2  
  65  7:09  Zergling x6  
  65  7:10  Zergling x2  
  70  7:15  Zergling x4  
  70  7:20  Zergling x4  
  70  7:21  Zergling x4  
  73  7:23  Drone x3  
  73  7:26  Spore Crawler  
  72  7:32  Drone  
  72  7:33  Drone x2  
  72  7:36  Queen  
  74  7:37  Queen  
  74  7:40  Spore Crawler  
  74  7:43  Drone  
  75  7:46  Evolution Chamber  
  75  7:47  Drone  
  75  7:51  Zergling x2  
  75  7:52  Zergling x10  
  75  7:55  Overlord x2  
  81  8:02  Overlord  
  81  8:06  Overseer  
  81  8:10  Spore Crawler x2, Drone  
  80  8:13  Queen, Overlord  
  80  8:14  Queen  
  80  8:18  Zergling x6  
  86  8:23  Zergling x8  
  86  8:24  Zergling x2  
  86  8:25  Zergling x2  
  86  8:26  Zergling x2  
  93  8:29  Queen  
  95  8:34  Zergling x8  
  95  8:40  Baneling x3  
  92  8:43  Zergling x6  
  92  8:45  Zergling x6  
  92  8:46  Zergling x2  
  96  8:49  Drone  
  96  8:50  Spore Crawler, Infestation Pit  
  97  8:57  Zergling x8  
  97  9:02  Zergling x4  
Show
View Real Time Build Order
Export as new Build Order

Armani Zerg 

Build Orders: Hatch First 

Get SALT Encoding   

  12  0:00  Drone  
  13  0:12  Overlord  
  13  0:18  Drone  
  14  0:31  Drone x2  
  16  0:47  Hatchery  
  15  0:51  Drone  
  15  0:55  Drone  
  17  0:58  Drone  
  18  1:08  Extractor  
  17  1:13  Spawning Pool  
  17  1:16  Drone  
  17  1:19  Drone  
  18  1:28  Drone  
  19  1:39  Drone  
  20  1:50  Overlord  
  20  1:59  Queen  
  20  2:00  Queen  
  24  2:01  Drone x2  
  26  2:09  Metabolic Boost  
  26  2:10  Drone  
  26  2:11  Drone  
  28  2:21  Zergling x2  
  29  2:30  Hatchery  
  29  2:33  Zergling x4  
  30  2:40  Zergling x2  
  31  2:47  Baneling Nest  
  31  2:48  Drone  
  31  2:54  Overlord  
  30  3:10  Drone x2  
  30  3:12  Zergling x10  
  37  3:14  Zergling x4  
  37  3:16  Zergling x2  
  40  3:23  Zergling x2  
  40  3:24  Zergling x2  
  42  3:32  Baneling  
  42  3:38  Drone  
  42  3:39  Drone  
  44  3:43  Queen  
  46  3:53  Drone x5  
  46  3:55  Overlord  
  49  4:02  Baneling x4  
  49  4:08  Zergling x2  
  48  4:14  Zergling x12  
  50  4:20  Lair  
  50  4:22  Extractor, Drone  
  50  4:23  Drone  
  51  4:27  Drone  
  51  4:30  Drone  
  49  4:32  Baneling x2  
  49  4:36  Zergling x6  
  52  4:44  Extractor  
  50  4:49  Zergling x12  
  50  4:52  Drone  
  45  5:04  Zergling x10  
  47  5:07  Baneling x2  
  47  5:12  Queen  
  47  5:14  Extractor  
  46  5:23  Drone x5  
  48  5:35  Drone  
  48  5:36  Drone x3  
  51  5:45  Zergling x2  
  51  5:49  Baneling x3  
  49  5:55  Spire  
  48  6:09  Drone x5  
  48  6:10  Drone  
  51  6:16  Zergling x8  
  51  6:17  Drone  
  52  6:25  Queen  
  49  6:28  Zergling x2  
  49  6:30  Drone  
  49  6:32  Overseer  
  46  6:35  Baneling  
  46  6:41  Drone x3  
  46  6:45  Overlord  
  49  6:49  Drone  
  49  7:08  Mutalisk x5  
  58  7:18  Baneling  
  58  7:19  Overlord  
  57  7:23  Drone x2  
  57  7:33  Mutalisk  
  57  7:36  Drone  
  59  7:39  Hatchery, Mutalisk  
  59  7:42  Zergling x4  
  62  7:49  Drone x3  
  65  7:54  Evolution Chamber  
  64  7:59  Mutalisk x2  
  64  8:02  Baneling x4  
  64  8:04  Overlord  
  68  8:08  Overlord  
  68  8:27  Drone  
  68  8:28  Drone x8  
  76  8:46  Drone x6  
  83  8:48  Overlord  
  83  8:54  Drone x2  
  85  8:57  Hydralisk Den, Drone  
  85  8:59  Overlord  
  76  9:05  Drone  
  76  9:07  Drone  

Tags
 
Add a new tag
Caveats
  • Supply blocks, unpowered buildings, or Contaminate may cause inaccurate times.
  • Supply counts are checked every 10 seconds.